 Dungeon Crawl Stone Soup version 0.18.1-48-g4cf74bf (webtiles) character file.

1142 Skwishie the Gouger (level 8, -3/43 HPs)
             Began as a Felid Monk on Sept 9, 2016.
             Was a Believer of Ru.
             Slain by a killer bee (7 damage)
             ... on level 8 of the Dungeon.
             The game lasted 00:39:25 (11833 turns).

Skwishie the Gouger (Felid Monk)                   Turns: 11833, Time: 00:39:26

Health: -3/43      AC:  2    Str:  7    XL:     8   Next: 15%
Magic:  9/9        EV: 15    Int: 12    God:    Ru [**....]
Gold:   47         SH:  0    Dex: 21    Spells: 0 memorised, 7 levels left
                                        Lives:  0   Deaths: 2

rFire  . . .     SeeInvis +       - Unarmed
rCold  . . .     Gourm    .     (armour unavailable)
rNeg   . . .     Faith    .     (shield unavailable)
rPois  +         Spirit   .     (helmet unavailable)
rElec  .         Dismiss  .     (cloak unavailable)
rCorr  +         Reflect  .     (gloves unavailable)
SustAt .         Harm     .     (boots unavailable)
MR     +....                    (no amulet)
Stlth  +++.......               n - ring of poison resistance
                                f - ring of resist corrosion

@: lethally poisoned (-3 -> -13), quick, somewhat resistant to hostile
enchantments, fairly stealthy
A: no armour, no weapons or thrown items, claws 1, fangs 3, see invisible,
carnivore 3, speed 1, shaggy fur 2, slow regeneration 1, slow metabolism 1,
hated by all, sharp paws
a: Renounce Religion


You were on level 8 of the Dungeon.
You worshipped Ru.
Ru was pleased with you.
You were not hungry.

You visited 2 branches of the dungeon, and saw 9 of its levels.

You collected 192 gold pieces.
You spent 145 gold pieces at shops.

Inventory:

Jewellery
 b - an uncursed ring of protection from fire {unknown}
 f - a ring of resist corrosion (left paw)
 n - a ring of poison resistance (right paw)
Wands
 m - a wand of flame (34/48)
 u - a wand of flame (28/48)
Scrolls
 d - a scroll of teleportation
 h - a scroll of remove curse
 p - a scroll of fear
 t - a scroll of magic mapping
Potions
 c - 2 potions of cancellation
 e - 3 potions of flight
 g - a potion of cure mutation
 i - 5 potions of curing
 k - a potion of resistance
 l - 3 potions of lignification
 o - 2 potions of haste {unknown}
 q - 2 potions of brilliance
 r - 2 potions of agility
Books
 j - a book of Geomancy

   Spells                             Type                      Level
   a - Sandblast                      Earth                        1
   b - Passwall                       Transmutation/Earth          2
   c - Stone Arrow                    Conjuration/Earth            3
   d - Petrify                        Transmutation/Earth          4
   e - Lee's Rapid Deconstruction     Earth                        5
Comestibles
 a - 5 meat rations


   Skills:
 + Level 10.1 Fighting
 - Level 4.0 Dodging
 - Level 2.6 Stealth
 - Level 11.0 Unarmed Combat


You had 7 spell levels left.
You didn't know any spells.

Dungeon Overview and Level Annotations

Branches:
Dungeon (8/15)             Temple (1/1) D:4
   Lair: D:8-11

Altars:
Ashenzari
Cheibriados
Dithmenos
Elyvilon
Fedhas
Gozag
Kikubaaqudgha
Makhleb
Nemelex Xobeh
Okawaru
Pakellas
Qazlal
Ru
Sif Muna
Trog
Vehumet
Xom
Yredelemnul
Zin
The Shining One

Shops:
D:4 [   D:7 *

Annotations:
D:8 Erolcha


Innate Abilities, Weirdness & Mutations

You cannot wear armour.
You are incapable of wielding weapons or throwing items.
You have sharp claws.
You have razor-sharp teeth.
You have supernaturally acute eyesight.
You are carnivorous and can eat meat at any time.
You cover ground quickly.
You are covered in thick fur (AC +2).
You regenerate slowly when monsters are visible.
You have a slow metabolism.
You are hated by all.
Your sharp claws are effective at attacking unaware monsters.


Message History

The killer bee misses you.
You redirect the killer bee's attack!
The killer bee closely misses itself.
The killer bee stings you. The iguana bites you!
The killer bee closely misses you.
You scratch the killer bee.
The killer bee is moderately wounded.
The killer bee misses you. The killer bee stings you!
* * * LOW HITPOINT WARNING * * *
You are lethally poisoned!
The killer bee poisons you!
The iguana is stunned by your will and fails to attack.
The killer bee stings you.
* * * LOW HITPOINT WARNING * * *
You are too injured to fight recklessly!
You are too injured to fight recklessly!
You are too injured to fight recklessly!
You are too injured to fight recklessly!
* * * LOW HITPOINT WARNING * * *
You feel sick. The killer bee stings you!
You die...

...# .>..
..# ..# #.#
#y# #y#
#.##########
#.#.....l@y#
#.......y..#
###.#####..#
#........#
##########


You could see an iguana and 2 killer bees.

Vanquished Creatures
  Joseph (D:7)
  Grinder (D:4)
  Sigmund (D:5)
  Eustachio (D:3)
  Menkaure (D:5)
  Edmund (D:5)
  Duvessa (D:6)
  A black bear (D:7)
  An orc warrior (D:6)
  An ice beast (D:7)
  A phantom (D:6)
  An ogre (D:7)
  2 centaurs
  4 giant frogs
  A water moccasin zombie (D:5)
  Dowan (D:6)
  3 scorpions
  3 killer bees (D:8)
  A centaur zombie (D:8)
  A howler monkey (D:5)
  2 crimson imps
  2 hounds
  4 orc priests
  Crazy Yiuf (D:6)
  A centaur skeleton (D:5)
  2 giant frog skeletons
  Terence (D:3)
  Natasha (thrice) (D:3)
  10 orc wizards
  6 worker ants
  A hound skeleton (D:6)
  A worker ant zombie (D:5)
  7 adders
  An ooze (D:7)
  An adder zombie (D:6)
  3 worms (D:3)
  6 dart slugs
  6 giant geckos
  24 orcs
  2 ball pythons (D:2)
  4 bats
  6 giant cockroaches
  5 goblins
  8 hobgoblins
  15 jackals
  A quokka (D:2)
  3 giant newts
  A jackal skeleton (D:6)
  A jackal zombie (D:5)
  3 kobolds
  12 rats
171 creatures vanquished.

Vanquished Creatures (others)
  An orc (D:4)
1 creature vanquished.

Grand Total: 172 creatures vanquished

Notes
Turn   | Place    | Note
--------------------------------------------------------------
     0 | D:1      | Skwishie the Felid Monk began the quest for the Orb.
     0 | D:1      | Reached XP level 1. HP: 10/10 MP: 2/2
   346 | D:1      | Reached XP level 2. HP: 14/14 MP: 3/3
   893 | D:2      | Reached skill level 5 in Unarmed Combat
   893 | D:2      | Reached XP level 3. HP: 11/17 MP: 4/4
  1502 | D:2      | Found a glowing golden altar of the Shining One.
  1614 | D:2      | Reached XP level 4. HP: 20/21 MP: 5/5
  2155 | D:3      | Noticed Terence
  2162 | D:3      | Killed Terence
  2263 | D:3      | Noticed Natasha
  2276 | D:3      | Killed Natasha
  2276 | D:3      | Reached skill level 6 in Unarmed Combat
  2295 | D:3      | Noticed Natasha
  2303 | D:3      | Killed Natasha
  2303 | D:3      | Reached XP level 5. HP: 24/24 MP: 6/6
  2430 | D:3      | Noticed Natasha
  2443 | D:3      | Killed Natasha
  2691 | D:3      | Noticed a moth of wrath
  2694 | D:3      | Found a bloodstained altar of Trog.
  2995 | D:4      | Found a staircase to the Ecumenical Temple.
  3000 | Temple   | Entered the Ecumenical Temple
  3056 | Temple   | Became a worshipper of Ru the Awakened
  3067 | Temple   | Gained mutation: You are hated by all. [Ru sacrifice]
  3067 | Temple   | Reached * piety under Ru
  3376 | D:4      | Reached skill level 7 in Unarmed Combat
  3598 | D:4      | Found Wyshroigu's Armour Shop.
  3634 | D:4      | Noticed Grinder
  3830 | D:4      | Paralysed by Grinder for 7 turns
  4256 | D:4      | Gained mutation: You are covered in thick fur (AC +2). [Felid growth]
  4256 | D:4      | Reached XP level 6. HP: 20/28 MP: 7/7
  4400 | D:4      | Found a shattered altar of Ashenzari.
  4476 | D:4      | Noticed Eustachio
  4857 | D:5      | Entered Level 5 of the Dungeon
  4891 | D:5      | Noticed Menkaure
  4902 | D:5      | Killed Menkaure
  4902 | D:5      | Reached skill level 8 in Unarmed Combat
  5100 | D:5      | Noticed Sigmund
  5106 | D:5      | Killed Sigmund
  5106 | D:5      | Reached skill level 9 in Unarmed Combat
  5106 | D:5      | Reached XP level 7. HP: 31/31 MP: 8/8
  5469 | D:5      | Found an iron altar of Okawaru.
  6012 | D:5      | Reached skill level 10 in Unarmed Combat
  6180 | D:5      | Reached XP level 8. HP: 34/34 MP: 9/9
  6296 | D:5      | Found a blossoming altar of Fedhas.
  6424 | D:6      | Noticed Duvessa
  6424 | D:6      | Noticed Dowan
  6447 | D:6      | Noticed Edmund
  7226 | D:5      | Killed Edmund
  7439 | D:6      | Gained mutation: You regenerate slowly when monsters are visible. [Ru sacrifice]
  7439 | D:6      | Reached ** piety under Ru
  7501 | D:6      | Killed Duvessa
  7508 | D:6      | Killed Dowan
  7508 | D:6      | Reached skill level 11 in Unarmed Combat
  7845 | D:6      | Found a shattered altar of Ashenzari.
  7948 | D:6      | Noticed Crazy Yiuf
  7956 | D:6      | Killed Crazy Yiuf
  8136 | D:6      | Reached skill level 5 in Fighting
  8612 | D:6      | Found a deep blue altar of Sif Muna.
  8673 | D:6      | Reached XP level 9. HP: 16/41 MP: 10/10
  8966 | D:7      | Found Hann's General Store.
  8975 | D:7      | Bought a scroll of identify for 20 gold pieces
  8975 | D:7      | Bought a scroll of fear for 35 gold pieces
  8975 | D:7      | Bought a scroll of identify for 20 gold pieces
  8975 | D:7      | Bought a potion of curing for 30 gold pieces
  8975 | D:7      | Bought a potion of brilliance for 40 gold pieces
  9524 | D:7      | Found a shimmering altar of Xom.
  9527 | D:7      | Found a glowing silver altar of Zin.
  9527 | D:7      | Found an opulent altar of Gozag.
  9536 | D:7      | Found an ancient bone altar of Kikubaaqudgha.
  9952 | D:7      | Noticed Joseph
  9957 | D:7      | HP: 1/44 [Joseph/quarterstaff of protection (19)]
  9958 | D:7      | Shot with a sling bullet by Joseph
  9959 | D:7      | Reached XP level 8. HP: -5/40 MP: 9/9
 10118 | D:7      | Killed Joseph
 10436 | D:4      | Killed Grinder
 11099 | D:3      | Killed Eustachio
 11099 | D:3      | Reached XP level 9. HP: 40/46 MP: 10/10
 11319 | D:8      | Noticed Erolcha
 11416 | D:8      | Reached skill level 10 in Fighting
 11661 | D:7      | Slain by a wraith
 11662 | D:7      | Reached XP level 8. HP: -4/43 MP: 9/9
 11833 | D:8      | Slain by a killer bee

Skill      XL: |  1  2  3  4  5  6  7  8  9 |
---------------+----------------------------+-----
Unarmed Combat | 5 6 7 9 10 11 | 11.0
Fighting       | 9 10 | 10.1
Dodging        | |  4.0
Stealth        | |  2.6

Action                   |  1- 3 |  4- 6 |  7- 9 || total
-------------------------+-------+-------+-------++-------
Melee: Unarmed           |   108 |   150 |   400 ||   658
       Bite              |    10 |    14 |    43 ||    67
       Punch             |     2 |     7 |    18 ||    27
Invok: Sacrifice Love    |       |     1 |       ||     1
       Sacrifice Purity  |       |       |     1 ||     1
  Use: Scroll            |       |     8 |    15 ||    23
       Potion            |       |       |     2 ||     2
 Stab: Sleeping          |    11 |     9 |     8 ||    28
       Distracted        |       |     2 |     7 ||     9
  Eat: Chunk             |     9 |     5 |    19 ||    33
Armor: Skin              |     2 |     3 |    24 ||    29
Dodge: Dodged            |    75 |   101 |   302 ||   478
